 Seeded DCSS version 0.30.1-4-g462c640d31 (webtiles) character file.

Game seed: 6351066067085065685 (custom seed)

4643 Esekla the Thaumaturge (level 10, -3/50 HPs)
             Began as a Deep Elf Necromancer on Aug 26, 2023.
             Was an Elder of Vehumet.
             Slain by a troll (7 damage)
             ... on level 10 of the Dungeon.
             The game lasted 00:52:50 (7569 turns).

Esekla the Thaumaturge (Deep Elf Necromancer)       Turns: 7569, Time: 00:52:51

Health: -3/50      AC:  7    Str:  5    XL:     10   Next: 20%
Magic:  25/27      EV: 14    Int: 25    God:    Vehumet [****..]
Gold:   453        SH:  5    Dex: 15    Spells: 14/31 levels left

rFire   . . .        c - +4 scimitar
rCold   . . .        E - +0 buckler
rNeg    . . .        L - +0 steam dragon scales
rPois   .            j - +0 helmet
rElec   .            (no cloak)
rCorr   .            n - +0 pair of gloves
SInv    .            (no boots)
Will    +....        A - amulet of magic regeneration
Stlth   +++          (no ring)
HPRegen 0.28/turn    (no ring)
MPRegen 0.60/turn

%: no passive effects
@: studying Fighting
A: no striking features
a: Renounce Religion


You were on level 10 of the Dungeon.
You worshipped Vehumet.
Vehumet was greatly pleased with you.
You visited 1 branch of the dungeon, and saw 10 of its levels.
You also visited: Bailey.

You collected 453 gold pieces.

Inventory:

Hand Weapons
 a - a +2 vampiric dagger
 c - a +4 scimitar (weapon)
 r - a +4 trident of venom
 s - the +5 rapier of the Hero {heavy, rN+ Dex+3}
   (You found it on level 3 of the Dungeon)

   Dex:       It affects your dexterity (+3).
   rN:        It protects you from negative energy.
Missiles
 x - 21 poisoned darts (quivered)
 J - 5 curare-tipped darts
Armour
 j - a +0 helmet (worn)
 n - a +0 pair of gloves (worn)
 E - a +0 buckler (worn)
 L - +0 steam dragon scales (worn)
Jewellery
 A - an amulet of magic regeneration (around neck)
Wands
 h - a wand of roots (4)
 q - a wand of mindburst (8)
 D - a wand of flame (11)
Scrolls
 f - 5 scrolls of identify {unknown}
 l - 3 scrolls of enchant weapon {unknown}
 m - 2 scrolls of amnesia {unknown}
 o - a scroll of immolation {unknown}
 t - a scroll of enchant armour {unknown}
 u - a scroll of silence {unknown}
 v - 2 scrolls of fog {unknown}
 y - a scroll of summoning {unknown}
 z - a scroll of magic mapping {unknown}
 C - 2 scrolls of fear
 F - a scroll of teleportation {unknown}
 G - 2 scrolls of blinking {unknown}
 H - 2 scrolls of poison {unknown}
 I - 3 scrolls of noise {unknown}
 K - 2 scrolls of torment {unknown}
 N - a scroll of acquirement
Potions
 b - a potion of magic
 d - 2 potions of ambrosia {unknown}
 e - 5 potions of attraction {unknown}
 g - 4 potions of haste {unknown}
 i - 8 potions of curing
 k - a potion of mutation {unknown}
 p - 3 potions of brilliance {unknown}
 w - 2 potions of heal wounds {unknown}
 B - a potion of lignification {unknown}


   Skills:
 * Level 0.1 Fighting
 + Level 4.0(4.2) Short Blades
 + Level 1.5(2.8) Long Blades
 + Level 1.9 Throwing
 * Level 7.3 Dodging
 + Level 5.4 Stealth
 * Level 2.7 Shields
 * Level 11.3 Spellcasting
 + Level 1.1 Conjurations
 + Level 8.8 Necromancy
 * Level 5.4 Translocations
 + Level 0.9 Evocations


You had 14 spell levels left.
You knew the following spells:

 Your Spells              Type           Power      Damage    Failure   Level
a - Magic Dart            Conj           76%        1d6       1%          1
b - Sandblast             Erth           28%        2d8       2%          1
c - Necrotise             Necr           100%       1d9       1%          1
d - Vampiric Draining     Necr           55%        2d9       1%          3
e - Momentum Strike       Conj/Tloc      60%        3d9       1%          2
f - Volatile Blastmotes   Fire/Tloc      54%        2d14      2%          3
g - Dazzling Flash        Conj/Hex       32%        N/A       5%          3
t - Teleport Other        Tloc           41%        N/A       2%          3

Your spell library contained the following spells:

 Spells                   Type           Power      Damage    Failure   Level
 Lesser Beckoning         Tloc           82%        N/A       1%          2
 Animate Dead             Necr           55%        N/A       1%          4
 Gell's Gravitas          Tloc           41%        N/A       2%          3
 Agony                    Necr           55%        N/A       6%          5
 Spider Form              Tmut/Pois      14%        N/A       24%         3
 Cause Fear               Hex            7%         N/A       61%         4
 Summon Mana Viper        Hex/Summ       14%        N/A       91%         5


Dungeon Overview and Level Annotations

Branches:
Dungeon (10/15)            Bailey (visited)
 Temple: D:4-7         Lair: D:8-11         Orc: D:9-12

Altars:
Dithmenos
Fedhas
Hepliaklqana
Okawaru
Qazlal
Trog
Vehumet
Zin
The Shining One

Shops:
D:2 =   D:4 (


Message History

Confirm with . or Enter, or press ? or * to list all spells.
Aiming: Vampiric Draining (safe; 1% risk of failure)
Press: ? - help, Shift-Dir - straight line, f - killer bee
Aim: a killer bee You draw life force from the killer bee!
You kill the killer bee!
Vehumet accepts your kill.
You feel life coursing into your body!
You feel sick.
You feel sick.
You see here a killer bee corpse.
You feel sick.
You feel sick.
You feel sick.
You are no longer poisoned.
i - 8 potions of curing (gained 1)
You open the door.
There is an open door here.
A troll comes into view.
The troll shouts!
A howler monkey comes into view.
The troll bites you but does no damage. You block the troll's attack.
The troll claws you! The troll attacks as you move away!
You block the troll's attack. The troll claws you but does no damage.
The troll closely misses you. The troll bites you!
The troll closely misses you. You block the troll's attack.
There is an open door here.
Casting: Vampiric Draining (safe; 1% risk of failure)
Confirm with . or Enter, or press ? or * to list all spells.
Aiming: Vampiric Draining (safe; 1% risk of failure)
Press: ? - help, Shift-Dir - straight line, f - troll
Aim: a troll You draw life force from the troll!
You feel life coursing into your body.
The howler monkey howls!
You hear a bellow! x2
The troll bites you!
* * * LOW HITPOINT WARNING * * *
The troll claws you.
* * * LOW HITPOINT WARNING * * *
The troll claws you!
You die...

######## #.......
####################.......
.........##................
.........##..........#####.
.........T@..........†.....
.........##..........#####.
.........##..............#.
......h..#######.........#.
###.###### #.........#. #..
#########....####... ...
........#....# #... ..
........#....# #...
........#....# ###.


You could see a troll and a howler monkey.

Vanquished Creatures
  2 orc knights (Bailey)
  Joseph (D:7)
  A steam dragon (D:7)
  An ice beast (D:6)
  A sky beast (D:6)
  7 orc warriors (Bailey)
  2 black bears
  2 ogres
  2 centaurs
  A phantom (D:7)
  A kobold brigand (D:6)
  2 gnoll sergeants (D:7)
  A bullfrog (D:7)
  2 scorpions (D:5)
  3 wights (D:7)
  8 killer bees
  2 gnoll boudas
  6 hounds
  A jelly (D:6)
  4 orc priests (D:7)
  A sleepcap (D:5)
  5 iguanas
  2 orc wizards (D:7)
  22 gnolls
  9 adders
  2 shadow imps
  3 white imps
  2 ufetubi (D:7)
  A worm (D:4)
  3 dart slugs
  34 orcs
  4 endoplasms
  9 goblins
  7 hobgoblins
  A quokka (D:2)
  6 ball pythons
  4 bats
  4 frilled lizards
  13 kobolds
  A rat (D:2)
183 creatures vanquished.

Vanquished Creatures (others)
  An orc wizard (D:8)
  An orc (D:8)
2 creatures vanquished.

Grand Total: 185 creatures vanquished

Notes
Turn   | Place    | Note
-------+----------+-------------------------------------------
     0 | D:1      | Esekla the Deep Elf Necromancer began the quest for the
                  | Orb.
     0 | D:1      | Reached XP level 1. HP: 10/10 MP: 6/6
   303 | D:2      | Noticed a black bear
   384 | D:2      | Found Renulab's Jewellery Shop.
   502 | D:4      | Found an iron altar of Okawaru.
   513 | D:4      | Found a glowing silver altar of Zin.
   644 | D:4      | Found Ponaysk's Antique Weapon Boutique.
   827 | D:4      | Found a radiant altar of Vehumet.
   833 | D:4      | Became a worshipper of Vehumet
  1008 | D:4      | Found a glowing golden altar of the Shining One.
  1118 | D:3      | Reached skill level 5 in Necromancy
  1169 | D:3      | Identified the +5 rapier of the Hero {heavy, rN+ Dex+3}
  1233 | D:2      | Reached XP level 2. HP: 15/15 MP: 8/8
  1421 | D:2      | Reached XP level 3. HP: 15/19 MP: 10/10
  1425 | D:2      | Learned a level 3 spell: Vampiric Draining
  1761 | D:3      | Reached * piety under Vehumet
  1761 | D:3      | Offered knowledge of Sandblast by Vehumet.
  1764 | D:3      | Learned a level 1 spell: Sandblast
  1917 | D:3      | Found a stormy altar of Qazlal.
  1953 | D:3      | Found a hazy altar of Hepliaklqana.
  1953 | D:3      | Found a bloodstained altar of Trog.
  1962 | D:3      | Reached skill level 1 in Short Blades
  1962 | D:3      | Reached XP level 4. HP: 22/24 MP: 7/11
  2332 | D:2      | Reached skill level 4 in Spellcasting
  2402 | D:2      | Found a faded altar of an unknown god.
  2503 | D:1      | Learned a level 3 spell: Teleport Other
  2900 | D:2      | Reached XP level 5. HP: 26/28 MP: 10/13
  2950 | D:2      | Reached skill level 1 in Translocations
  3041 | D:2      | Killed a black bear
  3143 | D:3      | Reached XP level 6. HP: 25/32 MP: 10/15
  3210 | D:3      | Reached ** piety under Vehumet
  3210 | D:3      | Offered knowledge of Magic Dart by Vehumet.
  3213 | D:3      | Learned a level 1 spell: Magic Dart
  3287 | D:3      | Reached skill level 5 in Spellcasting
  3723 | D:5      | Entered Level 5 of the Dungeon
  3731 | D:5      | Got the Parchment of the Lumpy Olives
  3747 | D:5      | Found a shadowy altar of Dithmenos.
  4024 | D:5      | Reached XP level 7. HP: 36/36 MP: 17/17
  4108 | D:5      | Reached skill level 6 in Spellcasting
  4735 | D:5      | Reached skill level 7 in Spellcasting
  4870 | D:6      | Reached skill level 5 in Dodging
  4928 | D:6      | Reached XP level 8. HP: 40/41 MP: 17/21
  4942 | D:6      | Offered knowledge of Momentum Strike by Vehumet.
  4945 | D:6      | Found a blossoming altar of Fedhas.
  4965 | D:6      | Learned a level 2 spell: Momentum Strike
  5126 | D:6      | Reached skill level 8 in Spellcasting
  5385 | D:7      | Reached skill level 1 in Throwing
  5500 | D:7      | Reached *** piety under Vehumet
  5923 | D:7      | Offered knowledge of Volatile Blastmotes by Vehumet.
  5928 | D:7      | Learned a level 3 spell: Volatile Blastmotes
  5966 | D:7      | Noticed Joseph
  6006 | D:7      | Killed Joseph
  6007 | D:7      | Reached skill level 1 in Shields
  6007 | D:7      | Reached skill level 9 in Spellcasting
  6007 | D:7      | Reached skill level 1 in Conjurations
  6007 | D:7      | Reached XP level 9. HP: 16/45 MP: 10/24
  6522 | D:7      | Reached **** piety under Vehumet
  6792 | D:9      | Offered knowledge of Dazzling Flash by Vehumet.
  6798 | D:9      | Reached skill level 10 in Spellcasting
  6817 | D:9      | Learned a level 3 spell: Dazzling Flash
  6881 | D:9      | Found a flagged portal.
  6906 | Bailey   | Entered a bailey
  7061 | Bailey   | Reached skill level 1 in Long Blades
  7069 | Bailey   | Identified the +2 bardiche of Puhoisos {heavy, rElec
                  | Stlth+}
  7177 | Bailey   | Reached skill level 5 in Translocations
  7246 | Bailey   | Noticed an orc knight
  7246 | Bailey   | Noticed an orc knight
  7294 | Bailey   | Killed an orc knight
  7294 | Bailey   | Killed an orc knight
  7295 | Bailey   | Reached skill level 5 in Stealth
  7295 | Bailey   | Reached skill level 11 in Spellcasting
  7295 | Bailey   | Reached XP level 10. HP: 31/50 MP: 25/27
  7402 | D:8      | Noticed a two-headed ogre
  7419 | D:10     | Entered Level 10 of the Dungeon
  7569 | D:10     | Slain by a troll

Illustrated notes

Levels and vault maps discovered:
D:1:      sevenhm_arrival_forest_fort_small_3, layout_rooms,
          chequers_serial_rivers_room_b, minmay_misc_feat_five
D:2:      layout_loops_ring, dreamdust_ecumenical_altar_angels_and_demons,
          serial_shops, shop
D:3:      layout_basic, grunt_temple_overflow_open, minmay_misc_feat_iff
D:4:      layout_basic, nicolae_overflow_quartered_altars, serial_shops,
          nicolae_diamond_shop
D:5:      layout_loops_ring, lemuel_doored_altar, minmay_misc_feat_rows,
          dreamdust_wishing_well
D:6:      layout_loops_cross, fedhas_altar_fruit_tree,
          minmay_temple_entry_glass, uniq_pikel, uniq_blork_the_orc
D:7:      layout_basic, uniq_menkaure, uniq_joseph, uniq_crazy_yiuf_cottage
D:8:      layout_basic, nicolae_uskayaw_dance_hall, serial_demonic,
          serial_demonic_d, serial_demonic_a, serial_demonic_c,
          serial_demonic_c, nicolae_diode_quadrants
D:9:      layout_irregular_city, kennysheep_little_box, enter_bailey_4,
          minmay_between, uniq_harold
D:10:     layout_basic, nicolae_ru_awakened_eye

Skill      XL: |  1  2  3  4  5  6  7  8  9 |
---------------+----------------------------+-----
Necromancy     | 5 6 8 |  8.8
Dodging        | 3 4 5 6 7 |  7.3
Stealth        | 3 4 5 |  5.4
Short Blades   | 1 2 3 4 |  4.0
Spellcasting   | 4 5 7 9 11 | 11.3
Translocations | 1 2 3 4 5 |  5.4
Throwing       | 1 |  1.9
Shields        | 1 2 |  2.7
Conjurations   | 1 |  1.1
Long Blades    | 1 |  1.5
Fighting       | |  0.1
Evocations     | |  0.9

Action                     |  1- 3 |  4- 6 |  7- 9 | 10-12 || total
---------------------------+-------+-------+-------+-------++-------
  Melee: Short sword       |     9 |       |       |       ||     9
         Unarmed           |     9 |       |       |       ||     9
         Rapier            |    22 |       |    40 |     1 ||    63
         Dagger            |    51 |   161 |   270 |       ||   482
         Punch             |       |     1 |     5 |       ||     6
         Scimitar          |       |       |    44 |     4 ||    48
  Throw: Dart              |       |    25 |    22 |       ||    47
   Cast: Vampiric Draining |     4 |    26 |    89 |     7 ||   126
         Magic Dart        |       |     9 |     9 |       ||    18
         Teleport Other    |       |       |     3 |     1 ||     4
         Dazzling Flash    |       |       |     2 |       ||     2
  Evoke: Wand              |       |       |    16 |       ||    16
    Use: Scroll            |     1 |       |       |       ||     1
         Potion            |       |       |     1 |       ||     1
   Stab: Sleeping          |     4 |     2 |    13 |       ||    19
 Armour: Robe              |    26 |    29 |    44 |       ||    99
         Steam dragon scal |       |       |    51 |    10 ||    61
  Dodge: Dodged            |    65 |    74 |   324 |    31 ||   494
  Block: Buckler           |       |       |    50 |     9 ||    59
